 Dungeon Crawl Stone Soup version 0.30.1-11-g7821555f0a (webtiles) character file.

Game seed: 11894539313101266917

93 anacleto the Shooter (level 4, -6/38 HPs)
             Began as a Hill Orc Hunter on Dec 10, 2023.
             Mangled by an iguana (9 damage)
             ... on level 3 of the Dungeon.
             The game lasted 00:04:30 (2065 turns).

anacleto the Shooter (Hill Orc Hunter)              Turns: 2065, Time: 00:04:30

Health: -6/38      AC:  3    Str: 13    XL:     4   Next: 61%
Magic:  4/4        EV: 12    Int: 11    God:
Gold:   145        SH:  0    Dex: 14    Spells: 2/3 levels left

rFire   . . .        b - +2 short sword (drain)
rCold   . . .        (no shield)
rNeg    . . .        c - +0 leather armour
rPois   .            (no helmet)
rElec   .            (no cloak)
rCorr   .            (no gloves)
SInv    .            (no boots)
Will    .....        (no amulet)
Stlth   ++           (no ring)
HPRegen 0.26/turn    (no ring)
MPRegen 0.09/turn

%: no passive effects
@: no status effects
A: no striking features
a: no special abilities


You were on level 3 of the Dungeon.
You visited 1 branch of the dungeon, and saw 3 of its levels.

You collected 145 gold pieces.

Inventory:

Hand Weapons
 a - a +0 shortbow
 b - a +2 short sword of draining (weapon)
Armour
 c - a +0 leather armour (worn)
Scrolls
 d - 2 scrolls of immolation
 e - 4 scrolls of teleportation {unknown}
 g - a scroll of vulnerability {unknown}
 h - 2 scrolls of identify {unknown}
 i - a scroll of noise {unknown}
 k - a scroll of poison {unknown}
 m - a scroll of fog {unknown}
Potions
 f - a potion of brilliance {unknown}
 j - a potion of haste {unknown}
 l - 3 potions of heal wounds {unknown}
 n - 2 potions of flight {unknown}
 o - a potion of might {unknown}
 p - a potion of curing {unknown}


   Skills:
 + Level 3.2 Fighting
 * Level 4.1 Ranged Weapons
 + Level 2.1 Dodging
 + Level 1.6 Stealth
 + Level 0.3 Spellcasting
 + Level 0.9 Conjurations
 + Level 0.4 Air Magic


You had 2 spell levels left.
You knew the following spells:

 Your Spells              Type           Power      Damage    Failure   Level
a - Shock                 Conj/Air       4%         1d3       32%         1

Your spell library contained the following spells:

 Spells                   Type           Power      Damage    Failure   Level
 Swiftness                Air            1%         N/A       73%         3
 Vhi's Electric Charge    Tloc/Air       0%         N/A       75%         3
 Airstrike                Air            0%         2d(1-17)  98%         4
 Arcjolt                  Conj/Air       0%         1d10      100%        5
 Plasma Beam              Fire/Air       0%         2x1d11    100%        6


Dungeon Overview and Level Annotations

Branches:
Dungeon (3/15)

Altars:


Message History

Fire: a) +0 shortbow
Press: ? - help, Q - select action, (/) - cycle Shift-Dir - straight line, f - iguana
Aim: an iguana (65% to hit)
You shoot an arrow. The arrow barely misses the iguana.
Fire: a) +0 shortbow
Press: ? - help, Q - select action, (/) - cycle Shift-Dir - straight line, f/p - iguana
Aim: an iguana (65% to hit)
You shoot an arrow. The arrow hits the iguana.
The iguana is lightly wounded.
The iguana bites you.
Fire: a) +0 shortbow
Press: ? - help, Q - select action, (/) - cycle Shift-Dir - straight line, f/p - iguana
Aim: an iguana (lightly wounded, 65% to hit)
You shoot an arrow. The arrow closely misses the iguana.
The iguana bites you!
Fire: a) +0 shortbow
Press: ? - help, Q - select action, (/) - cycle Shift-Dir - straight line, f/p - iguana
Aim: an iguana (lightly wounded, 65% to hit)
You shoot an arrow.
The arrow hits the iguana but does no damage.
The iguana is lightly wounded.
The iguana bites you!
Fire: a) +0 shortbow
Press: ? - help, Q - select action, (/) - cycle Shift-Dir - straight line, f/p - iguana
Aim: an iguana (lightly wounded, 65% to hit)
You shoot an arrow. The arrow hits the iguana.
The iguana is moderately wounded.
The iguana bites you!
* * * LOW HITPOINT WARNING * * *
You sense an unholy aura.
b - a +2 short sword of draining (weapon)
The iguana bites you.
* * * LOW HITPOINT WARNING * * *
The iguana attacks as you move away! The iguana misses you.
You hit the iguana but do no damage.
The iguana is moderately wounded.
The iguana bites you.
* * * LOW HITPOINT WARNING * * *
The iguana bites you!
You die...

#.....#
#.###.#######
..# #.......#
###
..###.#####.#
#.. ......#
#.# #.#
#####.# #.#
#.# #.#
#.####.# #.#
#....l.# #.#
#...###@#
.........#
#.......#
####...#
###.#####
#...# .#
#...# # #...#
#....


You could see an iguana.

Vanquished Creatures
  5 adders
  A worm (D:2)
  2 dart slugs (D:2)
  5 endoplasms
  2 giant cockroaches (D:1)
  5 goblins
  2 hobgoblins
  3 kobolds
  A quokka (D:2)
  7 ball pythons
  2 bats (D:1)
  3 frilled lizards
  3 rats
41 creatures vanquished.

Notes
Turn   | Place    | Note
-------+----------+-------------------------------------------
     0 | D:1      | anacleto the Hill Orc Hunter began the quest for the Orb.
     0 | D:1      | Reached XP level 1. HP: 18/18 MP: 1/1
   210 | D:1      | Reached skill level 1 in Stealth
   239 | D:1      | Reached XP level 2. HP: 25/25 MP: 2/2
   667 | D:1      | Found a faded altar of an unknown god.
   871 | D:2      | Reached XP level 3. HP: 30/30 MP: 3/3
   919 | D:2      | Learned a level 1 spell: Shock
  1287 | D:2      | Reached XP level 4. HP: 38/38 MP: 4/4
  1295 | D:2      | Reached skill level 4 in Ranged Weapons
  2065 | D:3      | Mangled by an iguana

Illustrated notes

Levels and vault maps discovered:
D:1:      lightli_arrival_maybe_door_vault, layout_basic,
          shapermc_ecumenical_altar_ellora
D:2:      layout_basic, serial_curves, eino_curves_01, eino_curves_01
D:3:      layout_loops_ring, uniq_ijyb

Skill      XL: |  1  2  3  4 |
---------------+-------------+-----
Stealth        | 1 |  1.6
Fighting       | 3 |  3.2
Dodging        | 2 |  2.1
Ranged Weapons | 4 |  4.1
Spellcasting   | |  0.3
Conjurations   | |  0.9
Air Magic      | |  0.4

Action                     |  1- 3 |  4- 6 || total
---------------------------+-------+-------++-------
  Melee: Short sword       |    25 |    19 ||    44
   Fire: Shortbow          |    76 |    21 ||    97
 Armour: Leather armour    |    12 |     3 ||    15
  Dodge: Dodged            |    27 |    16 ||    43
